 Dungeon Crawl Stone Soup version 0.27.1 (webtiles) character file.

Game seed: 7910608454646079642

4473 Malachi the Martial Artist (level 10, -11/59 HPs)
             Began as an Octopode Transmuter on Aug 25, 2021.
             Was an Elder of Nemelex Xobeh.
             Mangled by Urug (12 damage)
             ... on level 10 of the Dungeon.
             The game lasted 00:22:24 (13049 turns).

Malachi the Martial Artist (Octopode Transmuter)   Turns: 13049, Time: 00:22:24

Health: -11/59     AC:  4    Str: 15    XL:     10   Next: 38%
Magic:  16/16      EV: 13    Int: 19    God:    Nemelex Xobeh [****..]
Gold:   259        SH:  7    Dex: 13    Spells: 6/14 levels left

rFire    + . .     SeeInvis +   n - +1 dagger (elec)
rCold    + + .     Faith    .   u - +2 buckler {AC+3}
rNeg     + . .     Spirit   .   w - +0 hat {SInv}
rPois    +         Reflect  .   (no amulet)
rElec    .         Harm     .   b - ring of protection from fire
rCorr    .         Rampage  .   i - +6 ring of strength
Will     .....                  (no ring)
Stlth    ++++......             c - ring of positive energy
HPRegen  0.00/turn              s - ring of Odicre {rPois rC+}
MPRegen  0.15/turn              (no ring)
                                (no ring)
                                (no ring)

@: mighty, inhibited regen
A: almost no armour, amphibious, 8 rings, camouflage 1, gelatinous body 1,
(nimble swimmer 1), tentacles, antennae 1, cold resistance 1, inhibited
regeneration, wild magic 1
a: Renounce Religion, Draw Escape, Draw Destruction, Draw Summoning, Triple
Draw, Deal Four


You were on level 10 of the Dungeon.
You worshipped Nemelex Xobeh.
Nemelex Xobeh was greatly pleased with you.
You visited 1 branch of the dungeon, and saw 10 of its levels.

You collected 457 gold pieces.
You spent 198 gold pieces at shops.

Inventory:

Hand Weapons
 n - a +1 dagger of electrocution (weapon)
Missiles
 a - 3 throwing nets
Armour
 u - a +2 buckler of protection (worn)
 w - a +0 hat of see invisible (worn)
Magical Staves
 j - a staff of cold
Jewellery
 b - a ring of protection from fire (left tentacle)
 c - a ring of positive energy (on tentacle)
 i - a +6 ring of strength (right tentacle)
 s - the ring of Odicre (on tentacle) {rPois rC+}
   (You found it on level 8 of the Dungeon)

   [ring of poison resistance]

   rC:        It protects you from cold.
   rPois:     It protects you from poison.
Wands
 d - a wand of paralysis (2)
 q - a wand of iceblast (4)
 r - a wand of charming (6)
Scrolls
 f - a scroll of torment
 o - 2 scrolls of teleportation
 v - 3 scrolls of identify
Potions
 e - 3 potions of curing
 g - 3 potions of flight
 k - a potion of brilliance
 l - a potion of cancellation
Miscellaneous
 x - a piece from Xom's chessboard (15/15)


   Skills:
 - Level 1.5 Fighting
 - Level 0.1 Short Blades
 - Level 2.8 Dodging
 - Level 4.7 Stealth
 - Level 4.0 Shields
 + Level 8.5 Unarmed Combat
 - Level 2.9 Spellcasting
 * Level 5.6 Transmutations
 * Level 3.9 Ice Magic
 - Level 4.1 Poison Magic
 * Level 8.1 Invocations
 - Level 0.1 Evocations


You had 6 spell levels left.
You knew the following spells:

 Your Spells              Type           Power      Damage    Failure   Level
a - Beastly Appendage     Tmut           62%        N/A       3%          1
b - Spider Form           Tmut/Pois      13%        N/A       10%         3
c - Ice Form              Ice/Tmut       27%        N/A       30%         4

Your spell library contained the following spells:

 Spells                   Type           Power      Damage    Failure   Level
 Wereblood                Tmut           31%        N/A       4%          2
 Animate Skeleton         Necr           6%         N/A       22%         1
 Pain                     Necr           12%        1d4       22%         1
 Gell's Gravitas          Tloc           1%         N/A       52%         3
 Teleport Other           Tloc           3%         N/A       52%         3
 Vampiric Draining        Necr           1%         2d6       52%         3
 Summon Ice Beast         Ice/Summ       13%        N/A       65%         4
 Summon Mana Viper        Hex/Summ       3%         N/A       99%         5
 Dispersal                Tloc           1%         N/A       100%        6
 Monstrous Menagerie      Summ           1%         N/A       100%        7


Dungeon Overview and Level Annotations

Branches:
Dungeon (10/15)            Temple (0/1) D:4
   Lair: D:8-11         Orc: D:9-12

Altars:
Hepliaklqana
Nemelex Xobeh
Ru
Trog
Uskayaw
Wu Jian

Shops:
D:6 *=[

Annotations:
D:5 1 runed translucent door, Destapler's ghost, novice DDFi
D:10 Urug


Innate Abilities, Weirdness & Mutations

You cannot wear most types of armour.
You are amphibious.
You can wear up to eight rings at the same time.
Your skin changes colour to match your surroundings (Stealth+).
Your rubbery body absorbs attacks. (AC +1, EV +1)
((You are camouflaged near water. (Stealth+)))
You have tentacles for arms and can constrict up to eight enemies at once.
You have a pair of small antennae on your head.
Your flesh is cold resistant. (rC+)
You do not regenerate when monsters are visible.
Your spells are a little harder to cast, but a little more powerful.


Message History

Found a scroll of identify.
v - 3 scrolls of identify (gained 1)
Found 2 curare-tipped darts.
Found a scroll of magic mapping.
Found 19 stones.
Urug the Orcish Ballista comes into view.
She is wielding a +1 halberd of flaming.
Urug shouts!
Urug hits you with a +1 halberd of flaming!!
Urug burns you.
You hit Urug but do no damage. You grab Urug.
You constrict Urug, but do no damage.
Urug screams, "Your bloody kin took my one good eye.
Now you die, harpy!" You block Urug's attack.
You hit Urug but do no damage. You constrict Urug.
Urug screams, "Prepare for a defeathering!"
You block Urug's attack.
Unknown command.
You feel much better.
You constrict Urug, but do no damage.
Urug hits you with a +1 halberd of flaming!!
Ouch! That really hurt!
Urug burns you.
You feel very mighty all of a sudden.
You constrict Urug.
Urug hits you with a +1 halberd of flaming!
* * * LOW HITPOINT WARNING * * *
Urug burns you.
* * * LOW HITPOINT WARNING * * *
Okay, then.
Aiming: Paralyse
Press: ? - help, Shift-Dir - straight line, f - Urug
Aim: Urug, wielding a +1 halberd of flaming, wearing a +0 scale mail and quivering javelins (lightly wounded, constricted by you, chance to affect: 28%) Urug easily resists.
You constrict Urug. Urug closely misses you.
Unknown command.
Aiming: Paralyse
Press: ? - help, Shift-Dir - straight line, f/p - Urug
Aim: Urug, wielding a +1 halberd of flaming, wearing a +0 scale mail and quivering javelins (lightly wounded, constricted by you, chance to affect: 28%) Urug easily resists.
You constrict Urug.
Urug hits you with a +1 halberd of flaming!
You die...
Your body glows with a rainbow of weird colours and disappears.

####.#.######.........#
........[...+.>.......#
.......######.........#
.....###
#............## ######
#.............#
#.............#
#########.....# #####
#..o#.##### ....#
#..@#.(# ....##
#...#..### .....#
#.?......# .....#
#......(.# (....#
#........# .....#
##......## .....#
#####..# .....# #.#
....... .#


You could see Urug.

Vanquished Creatures
  Maggie (D:7)
  A kobold demonologist (D:9)
  A wyvern (D:9)
  3 yaks (D:9)
  A steam dragon (D:6)
  2 water moccasins
  An orc warrior (D:9)
  2 ice beasts
  2 ogres
  A centaur (D:10)
  5 kobold brigands
  A gnoll sergeant (D:9)
  3 bullfrogs
  A scorpion (D:4)
  2 wyvern skeletons (D:6)
  9 wights
  2 howler monkeys (D:9)
  Crazy Yiuf (D:7)
  A gnoll shaman (D:8)
  2 orc priests
  A hound (D:4)
  2 centaur skeletons (D:6)
  An iguana (D:7)
  7 orc wizards
  8 gnolls
  A howler monkey skeleton (D:7)
  6 adders
  A white imp (D:7)
  An ufetubus (D:7)
  A worm (D:2)
  A dart slug (D:3)
  15 orcs
  3 bats
  9 endoplasms
  4 giant cockroaches
  5 hobgoblins
  3 jackals (D:5)
  2 quokkas
  3 ball pythons
  4 frilled lizards
  19 kobolds
  11 rats
150 creatures vanquished.

Vanquished Creatures (collateral kills)
  Joseph (D:8)
  A steam dragon (D:9)
  Edmund (D:6)
  A sky beast (D:7)
  2 centaurs
  2 phantoms
  4 killer bees (D:6)
  A wight (D:7)
  A howler monkey (D:9)
  A centaur zombie (D:9)
  A jelly (D:8)
  An orc priest (D:7)
  An orc wizard (D:7)
  A howler monkey skeleton (D:7)
  3 orcs (D:7)
  7 kobolds
  A quokka (D:4)
  A ball python (D:4)
31 creatures vanquished.

Grand Total: 181 creatures vanquished

Notes
Turn   | Place    | Note
-------+----------+-------------------------------------------
     0 | D:1      | Malachi the Octopode Transmuter began the quest for the
                  | Orb.
     0 | D:1      | Reached XP level 1. HP: 13/13 MP: 3/3
   444 | D:1      | Reached XP level 2. HP: 18/18 MP: 3/5
  1313 | D:2      | Found a sparkling altar of Nemelex Xobeh.
  1362 | D:2      | Reached skill level 1 in Stealth
  1362 | D:2      | Reached XP level 3. HP: 17/23 MP: 6/6
  1551 | D:2      | Became a worshipper of Nemelex Xobeh the Trickster
  1649 | D:2      | Found a faded altar of an unknown god.
  2187 | D:2      | Reached XP level 4. HP: 18/28 MP: 7/7
  2657 | D:3      | Reached * piety under Nemelex Xobeh
  2836 | D:3      | Reached skill level 1 in Invocations
  2845 | D:3      | Learned a level 3 spell: Spider Form
  2955 | D:3      | Received a gift from Nemelex Xobeh
  3657 | D:4      | Reached ** piety under Nemelex Xobeh
  3657 | D:4      | Found a bloodstained altar of Trog.
  3715 | D:4      | Noticed a phantom
  3741 | D:4      | Killed a phantom
  3742 | D:4      | Reached XP level 5. HP: 32/33 MP: 8/8
  3764 | D:4      | Reached skill level 1 in Poison Magic
  3861 | D:4      | Noticed an ogre
  3867 | D:4      | Killed an ogre
  3868 | D:4      | Reached XP level 6. HP: 38/38 MP: 9/9
  4012 | D:4      | Found a staircase to the Ecumenical Temple.
  4227 | D:5      | Entered Level 5 of the Dungeon
  4288 | D:5      | Noticed an ice beast
  4296 | D:5      | Killed an ice beast
  4318 | D:5      | Found a hazy altar of Hepliaklqana.
  4321 | D:5      | Found a sacrificial altar of Ru.
  4492 | D:5      | Found an ornate altar of the Wu Jian Council.
  4500 | D:5      | Reached XP level 7. HP: 43/43 MP: 10/10
  4761 | D:5      | Reached skill level 5 in Unarmed Combat
  4969 | D:5      | Found a runed translucent door.
  4970 | D:5      | Noticed Destapler's ghost (novice DDFi)
  5630 | D:6      | Noticed Edmund
  5634 | D:6      | Killed Edmund
  5730 | D:6      | Noticed a steam dragon
  5738 | D:6      | Received a gift from Nemelex Xobeh
  5744 | D:6      | Killed a steam dragon
  5745 | D:6      | Reached XP level 8. HP: 48/48 MP: 12/12
  5825 | D:6      | Found Bubeqaw's Armour Shoppe.
  5835 | D:6      | Bought a +1 buckler of protection for 198 gold pieces
  6115 | D:6      | You fall into a shaft and drop 1 floor!
  6131 | D:7      | Reached skill level 1 in Shields
  6609 | D:7      | Reached skill level 5 in Invocations
  6782 | D:7      | Reached XP level 9. HP: 53/53 MP: 13/13
  6783 | D:7      | Reached *** piety under Nemelex Xobeh
  6797 | D:7      | Learned a level 4 spell: Ice Form
  6798 | D:7      | Noticed Maggie
  6833 | D:7      | Killed Maggie
  7244 | D:7      | Found a hide-covered altar of Uskayaw.
  7466 | D:7      | Found a runed translucent door.
  7467 | D:7      | Noticed Crazy Yiuf
  7475 | D:7      | Killed Crazy Yiuf
  7743 | D:6      | Found Hainuqos's Jewellery Boutique.
  7752 | D:6      | Gained mutation: Your spells are a little harder to cast,
                  | but a little more powerful. [potion of mutation]
  7752 | D:6      | Gained mutation: You do not regenerate when monsters are
                  | visible. [potion of mutation]
  7752 | D:6      | Gained mutation: Your flesh is cold resistant. (rC+)
                  | [potion of mutation]
  7752 | D:6      | Gained mutation: You have a pair of small antennae on your
                  | head. [potion of mutation]
  7859 | D:6      | Found Vomuf's General Store.
  8833 | D:8      | Reached skill level 1 in Ice Magic
  8845 | D:8      | Noticed Joseph
  8850 | D:8      | Killed Joseph
 10260 | D:8      | Identified the ring of Odicre {rPois rC+}
 10433 | D:8      | Received a gift from Nemelex Xobeh
 10794 | D:9      | Identified the +4 demon trident "Xuih" {flame, Fly rF+
                  | Dex-4}
 10797 | D:9      | Reached skill level 5 in Transmutations
 10802 | D:9      | Reached XP level 10. HP: 25/59 MP: 15/15
 11640 | D:9      | Noticed a kobold demonologist
 11958 | D:9      | Killed a kobold demonologist
 12406 | D:10     | Entered Level 10 of the Dungeon
 12454 | D:10     | Reached **** piety under Nemelex Xobeh
 12598 | D:10     | HP: 1/59 [troll (10)]
 13041 | D:10     | Noticed Urug
 13047 | D:10     | HP: 1/59 [Urug (3)]
 13049 | D:10     | Mangled by Urug

Illustrated notes

Levels and vault maps discovered:
D:1:      heliophobic_arrival_dark_side_of_the_moon, layout_loops_ring,
          minmay_misc_feat_four_crosses, minmay_rat_gold_closets
D:2:      layout_basic, basic_altar, shapermc_ecumenical_altar_starsandcircs
D:3:      layout_loops_ring
D:4:      kennysheep_big_flooded_room, layout_basic, mainiacjoe_overflow_paths,
          minmay_temple_entry_hall
D:5:      layout_basic, nicolae_overflow_hidden_temple,
          overflow_temple_1_default, ebering_ghost_reflecting_pool
D:6:      layout_basic, serial_shops, shop_fountains, shop, shop, uniq_edmund
D:7:      layout_rooms, mainiacjoe_overflow_catwalk, wad_floor_pattern_2,
          uniq_crazy_yiuf_cottage, uniq_maggie
D:8:      layout_cave_pods, uniq_joseph
D:9:      lemuel_flame_loot_2, layout_basic
D:10:     layout_basic, uniq_urug

Skill      XL: |  1  2  3  4  5  6  7  8  9 10 |
---------------+-------------------------------+-----
Stealth        | 1 2 3 4 |  4.7
Invocations    | 1 2 3 5 7 8 |  8.1
Unarmed Combat | 4 5 6 7 8 |  8.5
Transmutations | 3 4 5 |  5.6
Poison Magic   | 1 2 3 4 |  4.1
Shields        | 3 4 |  4.0
Ice Magic      | 2 3 |  3.9
Fighting       | |  1.5
Short Blades   | |  0.1
Dodging        | |  2.8
Spellcasting   | |  2.9
Evocations     | |  0.1

Action                   |  1- 3 |  4- 6 |  7- 9 | 10-12 || total
-------------------------+-------+-------+-------+-------++-------
Melee: Unarmed           |    72 |    47 |    49 |     4 ||   172
       Constrict         |    17 |     9 |    46 |     7 ||    79
       Kick              |     8 |     9 |    19 |       ||    36
       Tentacles         |     7 |     6 |    52 |     8 ||    73
       Punch             |     2 |       |     8 |       ||    10
       Dagger            |       |       |   167 |    34 ||   201
 Cast: Beastly Appendage |    12 |     6 |    10 |       ||    28
       Spider Form       |       |       |     2 |     1 ||     3
Invok: Draw Summoning    |       |     2 |     4 |       ||     6
       Draw Destruction  |       |     8 |     1 |     5 ||    14
       Draw Escape       |       |       |       |     3 ||     3
Evoke: Wand              |       |     6 |    11 |    10 ||    27
  Use: Scroll            |     4 |     7 |     9 |     3 ||    23
       Potion            |       |       |     9 |     2 ||    11
 Stab: Sleeping          |     7 |     4 |     4 |     1 ||    16
       Paralysed         |       |       |    13 |       ||    13
Armor: Skin              |     3 |     1 |    10 |     4 ||    18
Dodge: Dodged            |    34 |    25 |   140 |    31 ||   230
Block: Buckler           |       |       |    24 |    15 ||    39
